 Dungeon Crawl Stone Soup version 0.22-a0-348-gd16d1391c7 (webtiles) character file.

1075 Kriby the Covered (level 8, 0/51 HPs)
             Began as a Gargoyle Fighter on Apr 8, 2018.
             Killed by divine providence
             ... invoked by an orc priest
              (12 damage)
             ... on level 6 of the Dungeon.
             The game lasted 00:05:31 (4198 turns).

Kriby the Covered (Gargoyle Fighter)                Turns: 4198, Time: 00:05:32

Health: 0/51       AC: 14    Str: 27    XL:     8   Next: 29%
Magic:  8/8        EV:  8    Int:  9    God:
Gold:   277        SH: 12    Dex:  9    Spells: 7/7 levels left

rFire    . . .     SeeInvis .   a - +0 war axe
rCold    . . .     Gourm    .   c - +1 shield
rNeg     + + .     Faith    .   b - +0 scale mail
rPois    ∞         Spirit   .   (no helmet)
rElec    +         Reflect  .   d - +0 cloak
rCorr    .         Harm     .   (no gloves)
MR       .....                  (no boots)
Stlth    ..........             (no amulet)
HPRegen  0.17/turn              u - ring of positive energy
MPRegen  0.11/turn              t - +5 ring of strength

@: no status effects
A: negative energy resistance 1, electricity resistance, unbreathing,
petrification resistance, rot immunity, AC +5
a: no special abilities


You were on level 6 of the Dungeon.
You were not hungry.

You visited 1 branch of the dungeon, and saw 7 of its levels.

You collected 277 gold pieces.

Inventory:

Hand Weapons
 a - a +0 war axe (weapon)
Armour
 b - a +0 scale mail (worn)
 c - a +1 shield (worn)
 d - a +0 cloak (worn)
Jewellery
 e - an uncursed ring of protection from cold
 t - a +5 ring of strength (right hand)
 u - a ring of positive energy (left hand)
Wands
 s - a wand of flame (28)
Scrolls
 j - a scroll of remove curse
 l - 5 scrolls of enchant weapon {unknown}
 o - a scroll of random uselessness {unknown}
 r - 3 scrolls of teleportation {unknown}
 w - 2 scrolls of magic mapping {unknown}
 x - 7 scrolls of identify
 y - 2 scrolls of amnesia {unknown}
 B - a scroll of fog {unknown}
 D - a scroll of acquirement {unknown}
Potions
 g - a potion of magic {unknown}
 h - 3 potions of resistance {unknown}
 i - a potion of lignification {unknown}
 k - 2 potions of curing
 m - a potion of berserk rage {unknown}
 n - a potion of flight {unknown}
 p - 2 potions of brilliance {unknown}
 q - a potion of heal wounds {unknown}
 v - 2 potions of might
 z - a potion of ambrosia {unknown}
 A - a potion of haste {unknown}
Comestibles
 f - 12 rations


   Skills:
 + Level 6.1 Fighting
 + Level 4.5 Axes
 + Level 6.1 Armour
 + Level 6.1 Shields


You had 7 spell levels left.
You didn't know any spells.

Dungeon Overview and Level Annotations

Branches:
Dungeon (7/15)             Temple (0/1) D:5

Altars:
Elyvilon
Qazlal
Xom

Annotations:
D:6 Prince Ribbit


Innate Abilities, Weirdness & Mutations

You are resistant to torment.
Your stone body is resilient. (AC +5)
You are immune to poison.
You resist negative energy. (rN+)
You are resistant to electric shocks. (rElec)
You can survive without breathing.
You are immune to petrification.
You are immune to rotting.


Message History

The orc priest hits you but does no damage.
Space warps horribly around you!
* * * LOW HITPOINT WARNING * * *
Your shield prevents you from hitting the orc priest.
The orc priest is heavily wounded.
The orc priest mumbles some strange prayers to Beogh against you.
You are unaffected.
You block the orc priest's attack.
You hit the orc priest but do no damage.
The orc priest is heavily wounded.
You block the orc priest's attack.
You closely miss the orc priest.
The orc priest is heavily wounded.
The orc priest hits you but does no damage.
Space bends around you.
* * * LOW HITPOINT WARNING * * *
You hit the orc priest.
The orc priest is severely wounded.
The orc priest invokes the aid of Beogh against you.
Beogh smites you!
You die...

..# #.##.#.# ..# # #..o# ..#
###o# #.# #.####o# #.# #......##
#.# #######o..##.. #.#
###.o.....#......
..###########.###o#o####....##...
##))......>.(...@#.....o...## ##
##.##########.###)#........#
.......# ###........# .....#.#
##.......# .###.#.# #.......# .#
#.#.# ##.[.....# .###.#.#
##........# ...).#.###..
#..#...#### ............ #.###..#


You could see an orc priest.

Vanquished Creatures
  Sigmund (D:2)
  An ice beast (D:3)
  An orc warrior (D:6)
  A phantom (D:6)
  An ogre (D:5)
  A bullfrog (D:6)
  A scorpion (D:4)
  2 howler monkeys (D:7)
  A crimson imp (D:4)
  A hound (D:7)
  Crazy Yiuf (D:2)
  An orc wizard (D:6)
  An iguana (D:4)
  7 adders
  7 gnolls
  A worm (D:3)
  3 dart slugs
  4 leopard geckos
  7 orcs
  7 bats
  3 giant cockroaches
  8 goblins
  9 hobgoblins
  8 jackals
  10 kobolds
  3 quokkas
  A ball python skeleton (D:4)
  4 frilled lizards
  8 rats
104 creatures vanquished.

Vanquished Creatures (others)
  A leopard gecko (D:4)
1 creature vanquished.

Grand Total: 105 creatures vanquished

Notes
Turn   | Place    | Note
-------+----------+-------------------------------------------
     0 | D:1      | Kriby the Gargoyle Fighter began the quest for the Orb.
     0 | D:1      | Reached XP level 1. HP: 14/14 MP: 1/1
   269 | D:1      | Reached XP level 2. HP: 16/19 MP: 2/2
   605 | D:1      | Reached XP level 3. HP: 23/23 MP: 3/3
  1148 | D:2      | Found a runed door.
  1234 | D:2      | Reached XP level 4. HP: 25/29 MP: 4/4
  1452 | D:2      | Noticed Sigmund
  1463 | D:2      | Killed Sigmund
  1463 | D:2      | Reached XP level 5. HP: 25/34 MP: 5/5
  1463 | D:2      | Reached XP level 6. HP: 29/39 MP: 6/6
  1816 | D:2      | Noticed Crazy Yiuf
  1825 | D:2      | Killed Crazy Yiuf
  2041 | D:3      | Noticed an ice beast
  2049 | D:3      | Killed an ice beast
  2202 | D:3      | Found a faded altar of an unknown god.
  2473 | D:3      | Found a white marble altar of Elyvilon.
  2565 | D:4      | Found a shimmering altar of Xom.
  2576 | D:4      | Reached skill level 5 in Shields
  2579 | D:4      | Reached skill level 5 in Fighting
  2579 | D:4      | Reached skill level 5 in Armour
  2593 | D:4      | Reached XP level 7. HP: 35/44 MP: 7/7
  2842 | D:4      | Found a stormy altar of Qazlal.
  3169 | D:5      | Entered Level 5 of the Dungeon
  3364 | D:5      | Found a staircase to the Ecumenical Temple.
  3411 | D:5      | You fall through a shaft for 2 floors!
  3567 | D:6      | Reached XP level 8. HP: 43/51 MP: 8/8
  3905 | D:6      | Noticed Prince Ribbit
  4198 | D:6      | Killed from afar by an orc priest

Vault maps used:
D:1:      sevenhm_arrival_forest_fort_large_4
D:2:      first_ration, uniq_crazy_yiuf_cottage, uniq_sigmund
D:3:      elyvilon_altar_4, chequers_ecumenical_altar_simple,
          lemuel_old_faithful
D:4:      xom_confusion_cloud, lemuel_doored_altar
D:5:      kennysheep_six_static_rooms, minmay_temple_entry_trees,
          kennysheep_cross_bottleneck
D:6:      uniq_prince_ribbit1
D:7:      serial_shops, nicolae_shop_window_shopping, grunt_livestock

Skill      XL: |  1  2  3  4  5  6  7  8 |
---------------+-------------------------+-----
Axes           | 2 3 4 |  4.5
Shields        | 4 5 6 |  6.1
Fighting       | 4 5 6 |  6.1
Armour         | 4 5 6 |  6.1

Action                   |  1- 3 |  4- 6 |  7- 9 || total
-------------------------+-------+-------+-------++-------
Melee: War axe           |   112 |   116 |   179 ||   407
Evoke: Wand              |       |       |     5 ||     5
  Use: Potion            |       |     2 |       ||     2
       Scroll            |       |     2 |     1 ||     3
  Eat: Chunk             |     1 |     5 |     5 ||    11
Armor: Scale mail        |    57 |    53 |    79 ||   189
Dodge: Dodged            |    36 |    42 |    65 ||   143
Block: Shield            |    61 |    65 |   109 ||   235

Table legend:
 A = Spawn XP
 B = Non-spawn XP
 C = Spawn XP percentage of total XP
 D = Spawn monster count
 E = Non-spawn monster count
 F = Spawn count percentage of total count
 G = Total turns spent on level
                    A         B        C        D         E        F      G
               +---------+---------+-------+---------+---------+-------+---------
         Total |       0 |    1536 |   0.0 |       0 |     104 |   0.0 |  4198
               +---------+---------+-------+---------+---------+-------+---------
           D:1 |       0 |      57 |   0.0 |       0 |      34 |   0.0 |  1087
           D:2 |       0 |     325 |   0.0 |       0 |      21 |   0.0 |   883
           D:3 |       0 |     163 |   0.0 |       0 |      12 |   0.0 |   595
           D:4 |       0 |     263 |   0.0 |       0 |      20 |   0.0 |   604
           D:5 |       0 |     134 |   0.0 |       0 |       2 |   0.0 |   242
           D:6 |       0 |     444 |   0.0 |       0 |      12 |   0.0 |   735
           D:7 |       0 |     150 |   0.0 |       0 |       3 |   0.0 |    52
               +---------+---------+-------+---------+---------+-------+---------
